 Dungeon Crawl Stone Soup version 0.26-a0-812-g31a745ddcd (webtiles) character file.

Game seed: 9239756439135762083

197 dmks the Magician (level 5, -4/31 HPs)
             Began as an Octopode Hedge Wizard on Nov 14, 2020.
             Slain by Duvessa
             ... wielding a +0 short sword
              (8 damage)
             ... on level 4 of the Dungeon.
             The game lasted 00:14:07 (6406 turns).

dmks the Magician (Octopode Hedge Wizard)           Turns: 6406, Time: 00:14:07

Health: -4/31      AC:  2    Str:  9    XL:     5   Next: 75%
Magic:  0/11       EV: 13    Int: 18    God:
Gold:   128        SH:  0    Dex: 11    Spells: 10/13 levels left

rFire    + . .     SeeInvis .   a - +0 dagger
rCold    + . .     Faith    .   (no shield)
rNeg     . . .     Spirit   .   i - +1 hat
rPois    +         Reflect  .   (no amulet)
rElec    +         Harm     .   (no ring)
rCorr    +         Rampage  .   (no ring)
MR       .....                  (no ring)
Stlth    ++++......             (no ring)
HPRegen  0.10/turn              (no ring)
MPRegen  0.12/turn              (no ring)
                                (no ring)
                                (no ring)

@: resistant, attractive
A: almost no armour, stealthy swim, amphibious, 8 rings, constrict 8, camouflage
1, gelatinous body 1
a: no special abilities


You were on level 4 of the Dungeon.
You visited 1 branch of the dungeon, and saw 4 of its levels.

You collected 128 gold pieces.

Inventory:

Hand Weapons
 a - a +0 dagger (weapon)
Armour
 b - a +0 hat
 i - a +1 hat (worn)
   (You found it on level 2 of the Dungeon)
Jewellery
 g - a +4 ring of evasion {unknown}
   (You found it on level 1 of the Dungeon)
Scrolls
 d - 2 scrolls of blinking {unknown}
 e - 3 scrolls of fear
 f - 2 scrolls of magic mapping {unknown}
 h - 3 scrolls of identify {unknown}
 j - 2 scrolls of teleportation {unknown}
 k - a scroll of enchant armour {unknown}
 n - 2 scrolls of random uselessness {unknown}
 o - a scroll of enchant weapon {unknown}
 p - a scroll of noise {unknown}
 q - a scroll of immolation {unknown}
 r - a scroll of remove curse {unknown}


   Skills:
 - Level 2.0 Dodging
 + Level 4.6 Stealth
 * Level 4.6 Spellcasting
 + Level 2.7 Conjurations
 - Level 1.0 Summonings
   Level 1.0 Translocations


You had 10 spell levels left.
You knew the following spells:

 Your Spells              Type           Power        Failure   Level
a - Magic Dart            Conj           ##..         4%          1
x - Call Imp              Summ           #.......     14%         2

Your spell library contained the following spells:

 Spells                   Type           Power        Failure   Level
 Blink                    Tloc           N/A          14%         2
 Slow                     Hex            #.......     22%         2
 Conjure Flame            Conj/Fire      #.......     24%         3
 Mephitic Cloud           Conj/Pois/Air  #.......     28%         3


Dungeon Overview and Level Annotations

Branches:
Dungeon (4/15)
 Temple: D:4-7

Altars:
Uskayaw
Vehumet

Annotations:
D:4 Dowan, Duvessa


Innate Abilities, Weirdness & Mutations

You cannot wear most types of armour.
You are very stealthy in the water. (Stealth+)
You are amphibious.
You can wear up to eight rings at the same time.
You can use your tentacles to constrict eight enemies at once.
Your skin changes colour to match your surroundings (Stealth+).
Your rubbery body absorbs attacks. (AC +1, EV +1)


Message History

Duvessa hits your crimson imp with a +0 short sword.
Your crimson imp blinks!
Items here: ))) ÷.
You swap places.
Your crimson imp barely misses Duvessa.
You see here an orc skeleton.
Duvessa gestures with her weapon.
A shadowy apparition takes form in the air.
Duvessa hits you with a +0 short sword.
* * * LOW HITPOINT WARNING * * *
It was a potion of heal wounds.
You feel much better. Duvessa misses you.
Duvessa hits you with a +0 short sword.
You swap places.
Duvessa hits your shadow imp with a +0 short sword.
Dowan mumbles some strange words.
Dowan blinks!
Your shadow imp hits Duvessa.
It was a potion of attraction.
You feel attractive to monsters. Dowan is pulled toward you!
Duvessa hits your shadow imp with a +0 short sword.
Your shadow imp dies!
Duvessa is pulled toward you! Dowan is pulled toward you!
Duvessa hits you with a +0 short sword!
* * * LOW HITPOINT WARNING * * *
You don't have enough magic to cast that spell.
As you read the scroll labelled HAKKUG OD WOMO, it crumbles to dust.
You assume a fearsome visage.
Duvessa looks frightened!
Dowan looks frightened!
Your crimson imp is unaffected.
It was a scroll of fear.
Cornered, Duvessa turns to fight!
Dowan casts a spell.
Dowan blinks!
It was a potion of curing.
You feel better. Dowan is pulled toward you!
Duvessa hits you with a +0 short sword.
* * * LOW HITPOINT WARNING * * *
Dowan casts a spell.
Dowan blinks!
It was a potion of resistance.
You feel protected. Dowan is pulled toward you!
Duvessa gestures with her weapon.
Duvessa hits you with a +0 short sword!
* * * LOW HITPOINT WARNING * * *
Your crimson imp completely misses Duvessa.
Duvessa hits you but does no damage.
Dowan gestures wildly while chanting.
Dowan blinks!
A beastly little devil appears in a puff of frigid air.
Dowan is pulled toward you!
Your crimson imp hits Duvessa but does no damage.
Duvessa hits you with a +0 short sword!
You die...

55.....#########.#
#.((#..# #.#
##.....# #÷#
###(..# #.# #...#
#e# #...# #§# .
....# #5# # #.#.#
#e# #.#.# #@# .#.#
#.### #.5.# ###.#
#.# #.# #.####
#.(..# ####.#


You could see Duvessa (fast), Dowan (fleeing), a friendly crimson imp (summoned)
and a friendly white imp (summoned).

Vanquished Creatures
  A worker ant (D:4)
  3 adders (D:3)
  2 worms
  2 dart slugs
  5 leopard geckos
  4 orcs
  3 giant cockroaches
  8 goblins
  7 hobgoblins
  2 jackals (D:1)
  5 kobolds
  2 ball pythons (D:1)
  12 bats
  5 frilled lizards
  6 rats
67 creatures vanquished.

Vanquished Creatures (collateral kills)
  3 orc priests
  An adder (D:3)
  A worm (D:3)
  A leopard gecko (D:3)
  An orc (D:4)
  2 ball pythons
  2 goblins (D:3)
  A hobgoblin (D:2)
  4 jackals (D:2)
16 creatures vanquished.

Vanquished Creatures (others)
  4 plants (D:2)
4 creatures vanquished.

Grand Total: 87 creatures vanquished

Notes
Turn   | Place    | Note
-------+----------+-------------------------------------------
     0 | D:1      | dmks the Octopode Hedge Wizard began the quest for the Orb.
     0 | D:1      | Reached XP level 1. HP: 11/11 MP: 4/4
   643 | D:1      | Reached XP level 2. HP: 17/17 MP: 4/6
  1891 | D:1      | Reached XP level 3. HP: 21/21 MP: 5/7
  2680 | D:2      | Found a hide-covered altar of Uskayaw.
  2690 | D:2      | Learned a level 2 spell: Call Imp
  3370 | D:2      | Reached XP level 4. HP: 27/27 MP: 5/9
  5018 | D:3      | Found a radiant altar of Vehumet.
  5168 | D:3      | Reached XP level 5. HP: 31/31 MP: 7/11
  5563 | D:4      | Noticed an ogre
  5675 | D:4      | Noticed Duvessa
  5687 | D:4      | Noticed Dowan
  6406 | D:4      | Slain by Duvessa

Illustrated notes

Levels and vault maps discovered:
D:1:      heliophobic_arrival_henge, layout_basic
D:2:      layout_basic, nicolae_overflow_crystal_walls, serial_forest,
          infiniplex_forest_corner_2, infiniplex_forest_lined_2,
          infiniplex_forest_zigzag_1, infiniplex_forest_lined_2,
          infiniplex_forest_corner_1, infiniplex_forest_lined_corner,
          infiniplex_forest_zigzag_2, infiniplex_forest_end_2,
          infiniplex_forest_clump_curved
D:3:      layout_rooms, marbit_many_paths
D:4:      layout_loops_ring, led_sif_pool, uniq_duvessa

Skill      XL: |  1  2  3  4 |
---------------+-------------+-----
Stealth        | 3 4 |  4.6
Conjurations   | 2 |  2.7
Spellcasting   | 4 |  4.6
Dodging        | |  2.0
Summonings     | |  1.0
Translocations | |  1.0

Action                   |  1- 3 |  4- 6 || total
-------------------------+-------+-------++-------
Melee: Dagger            |    21 |    11 ||    32
       Tentacles         |     8 |     2 ||    10
       Constrict         |     8 |     3 ||    11
 Cast: Magic Dart        |   102 |    86 ||   188
       Call Imp          |     1 |    24 ||    25
  Use: Potion            |       |     4 ||     4
       Scroll            |       |     1 ||     1
Armor: Skin              |     4 |    15 ||    19
Dodge: Dodged            |    26 |    49 ||    75

Table legend: (Time is in decaauts)
 A = Elapsed time spent in this place.
 B = Non-inter-level travel time spent in this place.
 C = Inter-level travel time spent in this place.
 D = Time resting spent in this place.
 E = Time spent auto-exploring this place.
 F = Levels seen in this place.
 G = Mean time per level.
                   A        B        C        D        E       F      G
               +--------+--------+--------+--------+--------+-----+--------+
         Total |   6410 |   6279 |    131 |   2839 |   2498 |   4 | 1602.5 |
       Dungeon |   6410 |   6279 |    131 |   2839 |   2498 |   4 | 1602.5 |
               +--------+--------+--------+--------+--------+-----+--------+

Top non-repeatable levels by time:
     D:1: 2523 daAuts
     D:3: 1631 daAuts
     D:2: 1479 daAuts
     D:4: 776 daAuts
